 Dungeon Crawl Stone Soup version 0.31.0-9-g3a7656b989 (webtiles) character file.

Game seed: 4982496407458866881

128 qw the Shooter (level 4, 0/23 HPs)
             Began as a Spriggan Hunter on Feb 2, 2024.
             Succumbed to a scorpion's poison
             ... on level 4 of the Dungeon.
             The game lasted 00:00:08 (1932 turns).

qw the Shooter (Spriggan Hunter)                    Turns: 1932, Time: 00:00:08

Health: 0/23       AC:  2    Str:  7    XL:     4   Next: 87%
Magic:  3/5        EV: 20    Int: 10    God:
Gold:   113        SH:  0    Dex: 20    Spells: 3/3 levels left

rFire   . . .        a - +1 shortbow
rCold   . . .        (shield currently unavailable)
rNeg    . . .        c - +0 robe
rPois   .            (helmet restricted)
rElec   .            (no cloak)
rCorr   .            (gloves unavailable)
SInv    +            (boots unavailable)
Will    .....        g - amulet of guardian spirit
Stlth   ++           (no ring)
HPRegen 0.23/turn    (no ring)
MPRegen 0.09/turn

%: guardian spirit
@: lethally poisoned (0 -> -10), about to teleport, very quick
A: very small, no large weapons, unfitting armour, see invisible, speed 3
a: no special abilities


You were on level 4 of the Dungeon.
You visited 1 branch of the dungeon, and saw 4 of its levels.

You collected 113 gold pieces.


Innate Abilities, Weirdness & Mutations

You are very small and have problems with some larger weapons.
You are too small for most types of armour.
You have supernaturally acute eyesight. (SInv)
You cover ground extremely quickly. (Speed+++)


   Skills:
 + Level 1.9 Fighting
 - Level 5.1 Ranged Weapons
 - Level 5.0 Dodging
 - Level 1.5 Stealth


You had 3 spell levels left.
You didn't know any spells.
Your spell library was empty.

Inventory:

Hand Weapons
 a - a +1 shortbow (weapon)
Armour
 c - a +0 robe (worn)
Jewellery
 g - an amulet of guardian spirit (around neck)

Dungeon Overview and Level Annotations

Branches:
Dungeon (4/15)
 Temple: D:4-7

Altars:


Message History

You shoot an arrow. The arrow hits the hobgoblin.
The hobgoblin is moderately wounded.
You shoot an arrow. The arrow hits the hobgoblin.
You kill the hobgoblin!
You now have 113 gold pieces (gained 12).
Things that are here:
a +1 dagger of venom; a goblin corpse
Found a stone staircase leading down.
A scorpion comes into view.
Found a stone staircase leading up.
You shoot an arrow. The arrow barely misses the scorpion.
You shoot an arrow.
The arrow hits the scorpion but does no damage.
The scorpion misses you.
You shoot an arrow. The arrow hits the scorpion.
The scorpion is moderately wounded.
The scorpion stings you. The scorpion stings you!
You are poisoned.
The scorpion poisons you!
You shoot an arrow. The arrow closely misses the scorpion.
You feel very sick. The scorpion completely misses you.
You shoot an arrow. The arrow closely misses the scorpion.
You feel sick.
The scorpion stings you but does no damage.
You shoot an arrow. The arrow hits the scorpion.
The scorpion is heavily wounded.
You feel sick. The scorpion stings you.
You are lethally poisoned!
The scorpion poisons you! The scorpion closely misses you.
You shoot an arrow. The arrow barely misses the scorpion.
You feel very sick. The scorpion completely misses you.
1931 ||| READING scroll of teleportation.
As you read the scroll of teleportation, it crumbles to dust.
You feel strangely unstable.
You feel very sick. The scorpion closely misses you.
You shoot an arrow. The arrow closely misses the scorpion.
You die...

.#.# #.# #.#.#
.#.# #.# #.#<#
#.# #.# #.#.#
#.# #.# #.#>#
#.# #.# #.#.#
#.#
#.#.##########
##.##
#.#...........
#...###......#
#......).###@#
#...####.#
#.s......
#####
#...........<
#############


You could see a scorpion.

Vanquished Creatures
  Jessica (D:3)
  A gnoll (D:1)
  4 adders
  A dart slug (D:1)
  2 ribbon worms (D:3)
  8 bats
  5 endoplasms
  4 giant cockroaches
  2 goblins
  3 hobgoblins
  5 kobolds
  2 quokkas
  5 ball pythons
  A frilled lizard (D:2)
  8 rats
52 creatures vanquished.

Notes
Turn   | Place    | Note
-------+----------+-------------------------------------------
     0 | D:1      | qw the Spriggan Hunter began the quest for the Orb.
     0 | D:1      | Reached XP level 1. HP: 10/10 MP: 2/2
     0 | D:1      | 0 ||| qw: Version: 0.3-a-155-g5e7d8dd
     0 | D:1      | 0 ||| qw: Game counter: 2542
     0 | D:1      | 0 ||| qw: Melee chars always use a shield: true
     0 | D:1      | 0 ||| qw: God list: Okawaru
     0 | D:1      | 0 ||| qw: Allow faded altars: false
     0 | D:1      | 0 ||| qw: Do Orc after clearing Dungeon:15 true
     0 | D:1      | 0 ||| qw: Do second Lair branch before Depths: true
     0 | D:1      | 0 ||| qw: Lair rune preference: random
     0 | D:1      | 0 ||| qw: Goals: Normal
     0 | D:1      | 0 ||| PLANNING D:1-11
    24 | D:1      | Reached skill level 3 in Dodging
   161 | D:1      | Reached XP level 2. HP: 14/14 MP: 3/3
   393 | D:1      | Reached XP level 3. HP: 18/18 MP: 4/4
   503 | D:1      | 503 ||| READING scroll labelled LOZ FIUSEMA.
   504 | D:1      | 504 ||| READING scroll labelled TEOCWE SYNY.
   504 | D:1      | 504 ||| IDENTIFYING scroll labelled SIN LAYCAH
   505 | D:1      | 505 ||| READING scroll labelled ASEWIYM KEASAM.
   506 | D:1      | 506 ||| DROPPING scroll of butterflies.
   507 | D:1      | 507 ||| DROPPING scroll of amnesia.
  1001 | D:2      | You fall into a shaft and drop 2 floors!
  1002 | D:4      | 1002 ||| UPGRADING to amulet of guardian spirit.
  1007 | D:4      | 1007 ||| READING 2 scrolls of identify.
  1007 | D:4      | 1007 ||| IDENTIFYING bubbling amethyst potion
  1008 | D:4      | 1008 ||| READING scroll of identify.
  1008 | D:4      | 1008 ||| IDENTIFYING red potion
  1009 | D:4      | 1009 ||| READING scroll labelled YNALI HICIJOQ.
  1009 | D:4      | 1009 ||| ENCHANTING +0 shortbow.
  1010 | D:4      | 1010 ||| READING scroll labelled KAODIUZX XUDOO.
  1111 | D:4      | 1111 ||| DROPPING potion of attraction.
  1112 | D:4      | 1112 ||| DROPPING potion of brilliance.
  1122 | D:3      | Noticed Jessica
  1125 | D:3      | Killed Jessica
  1126 | D:3      | Reached XP level 4. HP: 22/22 MP: 5/5
  1830 | D:3      | 1830 ||| READING scroll of identify.
  1830 | D:3      | 1830 ||| IDENTIFYING scroll labelled QASOBIVVUG
  1923 | D:4      | Noticed a scorpion
  1930 | D:4      | HP: 4/23 [poisoned by a scorpion]
  1931 | D:4      | 1931 ||| READING scroll of teleportation.
  1931 | D:4      | HP: 1/23 [poisoned by a scorpion]
  1932 | D:4      | Succumbed to a scorpion's poison

Levels and vault maps discovered:
D:1:      sevenhm_arrival_forest_fort_small_6, layout_rooms,
          minmay_misc_feat_rows
D:2:      layout_rooms
D:3:      layout_basic, corexii_hall_statues_t, uniq_jessica
D:4:      layout_loops_ring, minivault_5, chequers_serial_rivers_large_b,
          uniq_grinder, uniq_ijyb

Skill      XL: |  1  2  3  4 |
---------------+-------------+-----
Dodging        | 3 4 5 |  5.0
Ranged Weapons | 5 |  5.1
Fighting       | |  1.9
Stealth        | |  1.5

Action                     |  1- 3 |  4- 6 || total
---------------------------+-------+-------++-------
   Fire: Shortbow          |    95 |    63 ||   158
    Use: Scroll            |     7 |     2 ||     9
 Armour: Robe              |    11 |     8 ||    19
  Dodge: Dodged            |    25 |    14 ||    39

Table legend:
 A = Non-vault XP
 B = Vault XP
 C = Vault XP percentage of total XP
 D = Non-vault monster count
 E = Vault monster count
 F = Vault count percentage of total count
                 A         B        C        D         E       F
            +---------+---------+-------+---------+---------+-------
      Total |     147 |      37 |  20.1 |      51 |       1 |   1.9
            +---------+---------+-------+---------+---------+-------
        D:1 |      49 |       0 |   0.0 |      22 |       0 |   0.0
        D:2 |      20 |       0 |   0.0 |      13 |       0 |   0.0
        D:3 |      59 |      37 |  38.5 |      12 |       1 |   7.7
        D:4 |      19 |       0 |   0.0 |       4 |       0 |   0.0
            +---------+---------+-------+---------+---------+-------
